Map: Odyssey LE

Players

Yata - Winner!

  • Race: Zerg Zerg
  • League: Gold
  • Spawn Location: 11:00

Soup

  • Race: Protoss Protoss
  • League: Gold
  • Spawn Location: 5:00

VOD

Have the link to the VOD?

Description

Time

  • Played on: Sept. 10, 2017, 7:51 p.m.
  • Length: 10:10
Show
View Real Time Build Order
Export as new Build Order

Yata Zerg - Winner!

Build Orders: Hatch First 

Get SALT Encoding   

  12  0:01  Drone  
  13  0:12  Overlord  
  13  0:16  Drone  
  14  0:31  Drone x2  
  14  0:34  Drone  
  17  0:54  Hatchery  
  17  0:55  Drone  
  17  1:00  Drone  
  18  1:10  Extractor  
  17  1:15  Spawning Pool  
  16  1:18  Drone  
  16  1:20  Drone  
  18  1:28  Drone  
  19  1:42  Overlord  
  19  1:52  Drone  
  20  2:02  Queen  
  20  2:06  Queen  
  20  2:08  Zergling x4  
  26  2:13  Metabolic Boost  
  26  2:22  Drone x2  
  28  2:23  Drone  
  28  2:29  Drone  
  30  2:33  Evolution Chamber  
  30  2:37  Drone, Baneling Nest  
  30  2:40  Overlord  
  29  2:57  Overlord  
  29  3:11  Drone x3  
  29  3:12  Drone  
  33  3:18  Drone x6  
  39  3:37  Baneling  
  39  3:38  Baneling x3  
  39  3:53  Drone  
  39  3:54  Drone x2  
  42  4:00  Lair  
  42  4:02  Extractor  
  42  4:06  Hatchery  
  40  4:13  Drone x8  
  48  4:40  Queen  
  48  4:42  Spore Crawler  
  48  4:44  Spore Crawler  
  48  4:45  Spore Crawler  
  28  4:56  Drone x3  
  28  4:57  Drone x6  
  28  4:58  Drone  
  34  5:04  Queen  
  36  5:12  Zergling x8  
  36  5:13  Zergling x2  
  41  5:19  Queen  
  43  5:22  Drone x5  
  48  5:32  Hydralisk Den  
  48  5:33  Pneumatized Carapace  
  47  5:35  Drone  
  47  5:36  Drone  
  47  5:39  Zerg Melee Weapons Level 1  
  50  5:42  Drone  
  50  5:47  Overlord  
  50  6:04  Muscular Augments  
  50  6:08  Extractor  
  50  6:09  Extractor, Drone x4  
  50  6:10  Drone x5  
  57  6:15  Queen  
  57  6:25  Hydralisk  
  57  6:26  Hydralisk  
  58  6:42  Overlord  
  58  6:43  Overlord x3  
  58  7:05  Drone x3  
  58  7:06  Drone x6  
  58  7:07  Drone x4  
  71  7:13  Hydralisk x4  
  79  7:25  Evolution Chamber  
  78  7:33  Zerg Missile Weapons Level 1  
  66  8:04  Hatchery  
  66  8:05  Hydralisk x10  
  83  8:13  Drone x5  
  83  8:15  Zergling x2  
  89  8:30  Overlord  
  89  8:42  Queen  
  86  8:53  Zergling x8  
  89  9:08  Zergling x14  
  90  9:15  Overlord x2  
  90  9:16  Overlord  
  80  9:32  Zergling x2  
  80  9:33  Zergling x16  
  86  9:39  Hydralisk  
  86  9:44  Drone x4  
Show
View Real Time Build Order
Export as new Build Order

Soup Protoss 

Build Orders: Oracle Opening 

Get SALT Encoding   

  12  0:01  Probe (Chrono Boost)  
  13  0:11  Probe (Chrono Boost)  
  14  0:20  Pylon  
  14  0:22  Probe (Chrono Boost)  
  15  0:38  Probe (Chrono Boost)  
  15  0:39  Gateway  
  16  0:47  Assimilator  
  16  0:50  Probe (Chrono Boost)  
  16  0:55  Assimilator  
  17  1:04  Probe (Chrono Boost)  
  18  1:19  Probe (Chrono Boost)  
  18  1:25  Pylon  
  19  1:28  Cybernetics Core  
  19  1:37  Probe (Chrono Boost)  
  20  1:40  Zealot  
  22  1:48  Probe (Chrono Boost)  
  23  1:58  Probe (Chrono Boost)  
  24  2:08  Stargate  
  24  2:09  Probe (Chrono Boost)  
  24  2:14  Warp Gate  
  25  2:17  Stalker (Chrono Boost)  
  27  2:31  Pylon  
  27  2:34  Probe  
  28  2:47  Adept (Chrono Boost)  
  30  2:51  Oracle (Chrono Boost)  
  30  2:55  Probe  
  34  3:06  Gateway  
  34  3:14  Probe  
  34  3:17  Pylon  
  35  3:24  Oracle (Chrono Boost)  
  37  3:37  Probe  
  38  3:49  Probe  
  38  4:08  Nexus  
  38  4:17  Pylon  
  38  4:19  Probe  
  38  4:20  Gateway x2  
  41  4:24  Phoenix (Chrono Boost)  
  41  4:32  Probe  
  41  4:37  Gateway  
  42  4:44  Probe  
  43  4:56  Probe  
  31  5:08  Probe (Chrono Boost)  
  32  5:20  Probe (Chrono Boost)  
  33  5:26  Probe (Chrono Boost)  
  34  5:30  Probe (Chrono Boost)  
  35  5:36  Probe (Chrono Boost)  
  35  5:41  Probe (Chrono Boost)  
  37  5:47  Oracle, Probe (Chrono Boost)  
  41  5:51  Probe (Chrono Boost)  
  41  5:55  Protoss Air Weapons Level 1  
  42  5:58  Probe (Chrono Boost)  
  42  5:59  Sentry  
  42  6:01  Sentry  
  42  6:02  Probe (Chrono Boost)  
  48  6:08  Probe (Chrono Boost)  
  49  6:12  Probe (Chrono Boost)  
  50  6:19  Probe (Chrono Boost)  
  51  6:34  Stalker x2  
  51  6:35  Stalker x2  
  51  6:36  Probe (Chrono Boost)  
  51  6:37  Probe (Chrono Boost)  
  62  6:47  Probe x2 (Chrono Boost)  
  62  6:49  Twilight Council  
  63  6:56  Assimilator  
  63  6:57  Probe (Chrono Boost)  
  63  6:58  Probe (Chrono Boost)  
  63  6:59  Pylon  
  65  7:02  Assimilator  
  65  7:08  Probe x2 (Chrono Boost)  
  67  7:21  Probe x2 (Chrono Boost)  
  69  7:31  Probe x2 (Chrono Boost)  
  69  7:32  Charge  
  71  7:39  Forge  
  71  7:41  Zealot, Forge  
  71  7:42  Pylon, Zealot, Probe x2 (Chrono Boost)  
  72  8:13  Stalker  
  72  8:14  Zealot x4  
  72  8:18  Nexus  
  82  8:27  Probe x2 (Chrono Boost)  
  84  8:36  Zealot  
  63  9:10  Zealot x4  
  63  9:11  Zealot  
  71  9:17  Oracle  
  71  9:18  Probe (Chrono Boost)  
  71  9:19  Templar Archives  
  57  9:31  Zealot x2  
  57  9:32  Zealot x3  
  45  9:53  Zealot  
  45  9:54  Zealot  
Tags
 
League
GoldGold
Matchup
PvZ
Replay Pack
Pack 1
Spawn Locations
Cross Positions
Add a new tag
Caveats
  • Supply blocks, unpowered buildings, or Contaminate may cause inaccurate times.
  • Supply counts are checked every 10 seconds.